 Dungeon Crawl Stone Soup version 0.21.1 (webtiles) character file.

612 GuyWithAPlan the Spear-Bearer (level 7, 9/50 HPs)
             Began as a Merfolk Gladiator on Feb 5, 2018.
             Was a Believer of Ashenzari.
             Quit the game on level 5 of the Dungeon.
             The game lasted 00:04:57 (3636 turns).

GuyWithAPlan the Spear-Bearer (Merfolk Gladiator)   Turns: 3636, Time: 00:04:58

Health: 9/50       AC:  4    Str: 14    XL:     7   Next: 44%
Magic:  7/7        EV: 13    Int:  8    God:    Ashenzari [**....]
Gold:   310        SH:  4    Dex: 17    Spells: 6/6 levels left

rFire    . . .     SeeInvis .   a - +0 trident
rCold    . . .     Gourm    .   e - +0 buckler (curse)
rNeg     . . .     Faith    .   b - +0 leather armour
rPois    .         Spirit   .   c - +0 helmet (curse)
rElec    .         Reflect  .   (no cloak)
rCorr    .         Harm     .   (no gloves)
MR       .....                  (no boots)
Stlth    +.........             (no amulet)
HPRegen  0.16/turn              (no ring)
MPRegen  0.10/turn              (no ring)

@: no status effects
A: change form in water, swift swim, stealthy swim
a: Curse Item, Scrying, Renounce Religion


You were on level 5 of the Dungeon.
You worshipped Ashenzari.
Ashenzari was pleased with you.
You were not hungry.

You visited 1 branch of the dungeon, and saw 5 of its levels.

You collected 310 gold pieces.

Inventory:

Hand Weapons
 a - a +0 trident (weapon)
 q - a +0 spear
Missiles
 d - 4 throwing nets (quivered)
Armour
 b - a +0 leather armour (worn)
 c - a cursed +0 helmet (worn)
 e - a cursed +0 buckler (worn)
Jewellery
 i - a +2 amulet of reflection
Wands
 r - a wand of paralysis (17)
Scrolls
 j - 2 scrolls of amnesia {unknown}
 k - 2 scrolls of fog {unknown}
 p - a scroll of remove curse
 s - a scroll of enchant armour {unknown}
 t - a scroll of identify
Potions
 g - 2 potions of flight
 h - 2 potions of curing
 l - a potion of resistance
 n - 2 potions of lignification {unknown}
 o - a potion of might {unknown}
 u - a potion of agility {unknown}
Books
 m - a book of Changes

   Spells                             Type                      Level
   a - Beastly Appendage              Transmutation                1
   b - Sticks to Snakes               Transmutation                2
   c - Spider Form                    Transmutation/Poison         3
   d - Ice Form                       Ice/Transmutation            4
   e - Blade Hands                    Transmutation                5
Comestibles
 f - 9 rations
 v - 4 chunks of flesh


   Skills:
 - Level 2.1 Fighting
 + Level 11.7 Polearms
 - Level 2.0 Throwing
 - Level 4.0 Dodging


You had 6 spell levels left.
You didn't know any spells.

Dungeon Overview and Level Annotations

Branches:
Dungeon (5/15)             Temple (0/1) D:5

Altars:
Ashenzari
Okawaru
Trog
Zin


Message History

The sky beast is heavily wounded.
The sky beast barely misses you.
You hit the sky beast but do no damage.
The sky beast is heavily wounded.
You hit the sky beast.
The sky beast is heavily wounded.
The sky beast closely misses you.
You completely miss the sky beast.
The sky beast is heavily wounded.
The sky beast barely misses you.
You hit the sky beast but do no damage.
The sky beast is heavily wounded.
The sky beast hits you.
* * * LOW HITPOINT WARNING * * *
The sky beast shocks you.
* * * LOW HITPOINT WARNING * * *
You completely miss the sky beast.
The sky beast is heavily wounded.
The sky beast barely misses you.
Are you sure you want to abandon this character and quit the game? (Confirm with "yes".)

......####.......... *
#...#.#, #.......... * *
* * ......# #.#.#####.#
* ,* ......# #.#..# * ##
, ,, #...#.# #.#..## *,
..# ......#* #.#...# *
...#
......#......#%##*,....#
,
#.).#.##.#.###..##.....#
, ......#
#......@Y.....+ ,,
..>...# ######.##)....#
####### #.# ..... * #.#*
.... , ...* ... #..* ,,
.. ,, #.. , . * ,** ##*
* ** , , , , , *


You could see a sky beast.

Vanquished Creatures
  Sigmund (D:4)
  The ghost of Faustar the Cudgeler, an amateur GrGl (D:3)
  A centaur (D:5)
  A crimson imp (D:5)
  2 worker ants
  A worker ant zombie (D:4)
  4 gnolls
  3 adders
  2 oozes
  An adder zombie (D:5)
  An adder skeleton (D:4)
  3 worms (D:2)
  3 dart slugs (D:2)
  7 leopard geckos
  5 orcs
  6 bats
  3 giant cockroaches
  11 hobgoblins
  8 jackals
  3 quokkas
  3 ball pythons
  6 frilled lizards
  A giant cockroach zombie (D:3)
  5 goblins
  3 kobolds
  A quokka skeleton (D:4)
  5 rats
91 creatures vanquished.

Notes
Turn   | Place    | Note
-------+----------+-------------------------------------------
     0 | D:1      | GuyWithAPlan the Merfolk Gladiator began the quest for the Orb.
     0 | D:1      | Reached XP level 1. HP: 16/16 MP: 1/1
   104 | D:1      | Reached skill level 5 in Polearms
   108 | D:1      | Reached XP level 2. HP: 18/22 MP: 2/2
   265 | D:1      | Found a shattered altar of Ashenzari.
   282 | D:1      | Became a worshipper of Ashenzari the Shackled
   527 | D:1      | Reached skill level 6 in Polearms
   527 | D:1      | Reached XP level 3. HP: 23/27 MP: 3/3
   867 | D:2      | Found a glowing silver altar of Zin.
   988 | D:2      | Reached skill level 7 in Polearms
   988 | D:2      | Reached XP level 4. HP: 25/33 MP: 4/4
  1226 | D:2      | Reached * piety under Ashenzari
  1444 | D:3      | Reached skill level 8 in Polearms
  1464 | D:2      | Reached XP level 5. HP: 4/38 MP: 5/5
  1915 | D:3      | Noticed Faustar's ghost (amateur GrGl)
  2001 | D:3      | Killed Faustar's ghost
  2001 | D:3      | Reached skill level 9 in Polearms
  2001 | D:3      | Reached XP level 6. HP: 30/44 MP: 6/6
  2211 | D:3      | Found a bloodstained altar of Trog.
  2296 | D:3      | Found an iron altar of Okawaru.
  2686 | D:4      | Noticed Sigmund
  2691 | D:4      | Killed Sigmund
  2691 | D:4      | Reached skill level 10 in Polearms
  2691 | D:4      | Reached XP level 7. HP: 50/50 MP: 7/7
  3020 | D:4      | Reached skill level 11 in Polearms
  3030 | D:4      | Reached ** piety under Ashenzari
  3348 | D:5      | Entered Level 5 of the Dungeon
  3590 | D:5      | Found a staircase to the Ecumenical Temple.
  3636 | D:5      | Quit the game

Skill      XL: |  1  2  3  4  5  6  7 |
---------------+----------------------+-----
Polearms       | 5 6 7 8 9 10 11 | 11.7
Fighting       | |  2.1
Throwing       | |  2.0
Dodging        | |  4.0

Action                   |  1- 3 |  4- 6 |  7- 9 || total
-------------------------+-------+-------+-------++-------
Melee: Trident           |    89 |   193 |    73 ||   355
Invok: Curse Item        |     1 |     1 |       ||     2
  Use: Scroll            |       |     4 |       ||     4
       Potion            |       |     4 |       ||     4
 Stab: Sleeping          |     4 |     1 |       ||     5
  Eat: Chunk             |       |     5 |     4 ||     9
Armor: Leather armour    |    12 |    29 |     6 ||    47
Dodge: Dodged            |    36 |    81 |    32 ||   149
Block: Buckler           |     8 |    19 |     5 ||    32
